 Dungeon Crawl Stone Soup version bcrawl-1.19-7-g22fd707d3b (webtiles) character file.

Game seed: 7259270272980184712

3093 Freyura the Basher (level 9, -8/57 HPs)
             Began as a Gargoyle Fighter on Nov 18, 2019.
             Was a Follower of Elyvilon.
             Mangled by a catoblepas (25 damage)
             ... on level 7 of the Dungeon.
             The game lasted 00:24:09 (6885 turns).

Freyura the Basher (Gargoyle Fighter)               Turns: 6885, Time: 00:24:10

Health: -8/57      AC: 20    Str: 19    XL:     9   Next: 90%
Magic:  11/11      EV:  8    Int: 10    God:    Elyvilon [*.....]
Gold:   496        SH: 10    Dex: 12    Spells: 8/8 levels left

rFire    + . .     SeeInvis +   a - +0 flail
rCold    + . .     Gourm    .   c - +0 shield
rNeg     + + .     Faith    .   B - +1 scale mail {MR+}
rPois    ∞         Spirit   .   e - +1 helmet {SInv}
rElec    +         Reflect  .   h - scarf {rC+ rF+}
rCorr    .         Harm     .   l - +0 pair of gloves
MR       +....                  y - +0 pair of boots
Stlth    ..........             (no amulet)
HPRegen  0.19/turn              k - ring of positive energy
MPRegen  0.12/turn              d - ring of flight

@: no status effects
A: negative energy resistance 1, electricity resistance, unbreathing,
petrification resistance, rot immunity, AC +6
a: Lesser Healing, Divine Protection, Renounce Religion, Evoke Flight


You were on level 7 of the Dungeon.
You worshipped Elyvilon.
Elyvilon was aware of your devotion.
You were not hungry.

You visited 2 branches of the dungeon, and saw 8 of its levels.

You collected 496 gold pieces.

Inventory:

Hand Weapons
 a - a +0 flail (weapon)
 t - a +1 whip of freezing
Armour
 c - a +0 shield (worn)
 e - a +1 helmet of see invisible (worn)
 h - a scarf of resistance (worn)
 l - a +0 pair of gloves (worn)
 m - a +0 chain mail
 o - +0 steam dragon scales
 y - a +0 pair of boots (worn)
 z - a +0 plate armour
 A - the +0 hat of Leaves {rC+ MR+ Stlth+}
   (You found it on level 4 of the Dungeon)

   It protects you from cold.
   It affects your resistance to hostile enchantments.
   It makes you more stealthy.
 B - a +1 scale mail of magic resistance (worn)
Jewellery
 d - a ring of flight (right hand)
 g - an uncursed ring of protection from fire
 k - a ring of positive energy (left hand)
 n - an uncursed amulet of magic regeneration
 p - an uncursed ring of stealth
Scrolls
 b - a scroll of enchant armour
 j - 3 scrolls of identify
 r - 2 scrolls of teleportation
 v - 2 scrolls of magic mapping
 x - 2 scrolls of remove curse
Potions
 i - a potion of berserk rage
 q - 5 potions of curing
 s - 2 potions of brilliance
 u - a potion of mutation
 w - a potion of flight {unknown}
Comestibles
 f - 8 rations {!d}


   Skills:
 + Level 7.2 Fighting
 * Level 8.6 Maces & Flails
 + Level 7.2 Armour
 + Level 7.2 Shields
 + Level 2.9 Invocations


You had 8 spell levels left.
You didn't know any spells.
Your spell library was empty.

Dungeon Overview and Level Annotations

Branches:
Dungeon (7/12)             Temple (1/1) D:5
   Lair: D:7-9

Altars:
Ashenzari
Cheibriados
Dithmenos
Elyvilon
Fedhas
Gozag
Hepliaklqana
Kikubaaqudgha
Lugonu
Makhleb
Nemelex Xobeh
Okawaru
Qazlal
Ru
Sif Muna
Uskayaw
Vehumet
Xom
Yredelemnul
Zin
The Shining One


Innate Abilities, Weirdness & Mutations

You are resistant to torment.
Your stone body is resilient. (AC +6)
You are immune to poison.
You resist negative energy. (rN+)
You are resistant to electric shocks. (rElec)
You can survive without breathing.
You are immune to petrification.
You are immune to rotting.


Message History

You hit the catoblepas.
The catoblepas is moderately wounded.
The catoblepas gores you but does no damage.
You thump the catoblepas!
The catoblepas is moderately wounded.
The catoblepas gores you.
You hit the catoblepas but do no damage.
The catoblepas is moderately wounded.
The catoblepas gores you!!
You thump the catoblepas!
The catoblepas is heavily wounded.
The catoblepas gores you.
You hit the catoblepas but do no damage.
The catoblepas is heavily wounded.
The catoblepas gores you.
* * * LOW HITPOINT WARNING * * *
You sock the catoblepas!
The catoblepas is heavily wounded.
The catoblepas gores you!!
You die...

#...)).....#.#
#.# #
#.######..##.###
#.# # #.#
#.......####.# #
#.#
#............###
#.#
#####.#.####....
#.# #.#......###
#. ##.######## #
#.#########.#.##
#....Y@....###.#
###########.#.##
##.## ###


You could see a catoblepas.

Vanquished Creatures
  A troll (D:7)
  Grinder (D:4)
  Sigmund (D:5)
  2 steam dragons (D:5)
  Menkaure (D:5)
  Duvessa (D:6)
  A phantom (D:5)
  A sky beast (D:4)
  A black bear (D:6)
  A necrophage (D:6)
  2 ogres
  A centaur (D:7)
  2 bullfrogs
  Dowan (D:6)
  3 scorpions (D:4)
  3 howler monkeys
  4 crimson imps
  A centaur zombie (D:4)
  3 orc priests
  4 orc wizards
  A centaur skeleton (D:7)
  2 hounds (D:5)
  Jessica (D:2)
  Terence (D:3)
  4 iguanas
  5 worker ants
  3 hound skeletons
  Robin (D:3)
  A worker ant zombie (D:6)
  5 adders
  A howler monkey skeleton (D:4)
  A shadow imp (D:7)
  2 oozes (D:3)
  An adder skeleton (D:4)
  5 worms
  5 dart slugs
  4 leopard geckos
  19 orcs
  9 bats
  2 giant cockroaches (D:3)
  13 goblins
  15 hobgoblins
  12 kobolds
  2 quokkas
  2 ball pythons
  4 frilled lizards
  A jackal skeleton (D:5)
  9 rats
166 creatures vanquished.

Vanquished Creatures (others)
  6 fungi (D:5)
6 creatures vanquished.

Grand Total: 172 creatures vanquished

Notes
Turn   | Place    | Note
-------+----------+-------------------------------------------
     0 | D:1      | Freyura the Gargoyle Fighter began the quest for the Orb.
     0 | D:1      | Reached XP level 1. HP: 14/14 MP: 1/1
    79 | D:1      | Reached XP level 2. HP: 18/19 MP: 2/2
   547 | D:1      | Reached XP level 3. HP: 13/23 MP: 3/3
  1068 | D:2      | Noticed Jessica
  1078 | D:2      | Killed Jessica
  1078 | D:2      | Reached skill level 3 in Maces & Flails
  1078 | D:2      | Reached XP level 4. HP: 22/29 MP: 4/4
  1107 | D:2      | Found a faded altar of an unknown god.
  1692 | D:3      | Reached XP level 5. HP: 33/33 MP: 5/5
  1960 | D:3      | Noticed Robin
  1986 | D:3      | Killed Robin
  2119 | D:3      | Reached skill level 4 in Maces & Flails
  2347 | D:3      | Reached XP level 6. HP: 39/39 MP: 6/6
  2638 | D:3      | Noticed Terence
  2645 | D:3      | Killed Terence
  2832 | D:4      | Reached XP level 7. HP: 44/44 MP: 7/7
  2879 | D:4      | Reached skill level 5 in Maces & Flails
  2966 | D:4      | Reached skill level 5 in Fighting
  2966 | D:4      | Reached skill level 5 in Armour
  3127 | D:4      | Reached skill level 5 in Shields
  3203 | D:4      | Noticed Grinder
  3206 | D:4      | Paralysed by Grinder for 4 turns
  3222 | D:4      | Paralysed by Grinder for 3 turns
  3226 | D:4      | Got a distressingly furry hat
  3236 | D:4      | Paralysed by Grinder for 2 turns
  3247 | D:4      | Paralysed by Grinder for 4 turns
  3254 | D:4      | Killed Grinder
  3266 | D:4      | Identified the +0 hat of Leaves {rC+ MR+ Stlth+} (You found
                  | it on level 4 of the Dungeon)
  3361 | D:4      | Reached XP level 8. HP: 45/49 MP: 8/8
  3547 | D:4      | Reached skill level 6 in Maces & Flails
  3802 | D:5      | Entered Level 5 of the Dungeon
  3993 | D:5      | Noticed Menkaure
  4004 | D:5      | Killed Menkaure
  4328 | D:5      | Reached skill level 7 in Maces & Flails
  4441 | D:5      | Reached XP level 9. HP: 46/56 MP: 9/9
  4844 | D:5      | Found a staircase to the Ecumenical Temple.
  4849 | D:5      | Noticed Sigmund
  4855 | Temple   | Entered the Ecumenical Temple
  5145 | Temple   | Became a worshipper of Elyvilon the Healer
  5184 | D:5      | Killed Sigmund
  5355 | D:6      | Noticed Dowan
  5356 | D:6      | Noticed Duvessa
  5380 | D:6      | Killed Duvessa
  5380 | D:6      | Reached skill level 1 in Invocations
  5411 | D:6      | Killed Dowan
  5520 | D:6      | Reached skill level 8 in Maces & Flails
  5834 | D:6      | Reached * piety under Elyvilon
  6614 | D:7      | Noticed a troll
  6637 | D:7      | Killed a troll
  6868 | D:7      | Noticed a catoblepas
  6885 | D:7      | Mangled by a catoblepas

Skill      XL: |  1  2  3  4  5  6  7  8  9 |
---------------+----------------------------+-----
Maces & Flails | 3 4 5 7 8 |  8.6
Fighting       | 4 5 6 7 |  7.2
Armour         | 4 5 6 7 |  7.2
Shields        | 4 5 6 7 |  7.2
Invocations    | 2 |  2.9

Action                   |  1- 3 |  4- 6 |  7- 9 || total
-------------------------+-------+-------+-------++-------
Melee: Flail             |   109 |   286 |   416 ||   811
 Abil: Evoke Flight      |       |       |     1 ||     1
  Use: Scroll            |       |     4 |     9 ||    13
       Potion            |       |     1 |     1 ||     2
 Stab: Sleeping          |       |       |     1 ||     1
  Eat: Chunk             |       |     6 |     8 ||    14
       Ration            |       |       |     2 ||     2
Armor: Scale mail        |    56 |   225 |   136 ||   417
       Steam dragon scal |       |       |    75 ||    75
Dodge: Dodged            |    37 |   107 |   136 ||   280
Block: Shield            |    70 |   224 |   187 ||   481
